 Dungeon Crawl Stone Soup version 0.27.1-33-g824d729ab1 (webtiles) character file.

Game seed: 7603740776624788503

104 Laukis the Chopper (level 4, -2/42 HPs)
             Began as a Gargoyle Berserker on Dec 3, 2021.
             Was a Follower of Trog.
             Slain by a gnoll (7 damage)
             ... on level 3 of the Dungeon.
             The game lasted 00:03:08 (2146 turns).

Laukis the Chopper (Gargoyle Berserker)             Turns: 2146, Time: 00:03:09

Health: -2/42      AC: 14    Str: 22    XL:     4   Next: 80%
Magic:  4/4        EV:  8    Int:  7    God:    Trog [*.....]
Gold:   55         SH:  0    Dex:  9    Spells: 3/3 levels left

rFire    . . .     SeeInvis .   a - +0 hand axe
rCold    . . .     Faith    .   (no shield)
rNeg     + . .     Spirit   .   j - +0 chain mail
rPois    ∞         Reflect  .   c - +1 hat
rElec    +         Harm     .   (no cloak)
rCorr    .         Rampage  .   (no gloves)
Will     .....                  d - +0 pair of boots
Stlth    ..........             (no amulet)
HPRegen  0.14/turn              b - +4 ring of slaying
MPRegen  0.09/turn              (no ring)

@: berserking, very quick
A: sickness immunity, AC +3, negative energy resistance 1, electricity
resistance, torment resistance 1, petrification resistance
a: Renounce Religion, Berserk


You were on level 3 of the Dungeon.
You worshipped Trog.
Trog was aware of your devotion.
You visited 1 branch of the dungeon, and saw 3 of its levels.

You collected 55 gold pieces.

Inventory:

Hand Weapons
 a - a +0 hand axe (weapon)
Armour
 c - a +1 hat (worn)
 d - a +0 pair of boots (worn)
 j - a +0 chain mail (worn)
Jewellery
 b - a +4 ring of slaying (left hand)
Scrolls
 e - a scroll of enchant weapon {unknown}
 f - 2 scrolls of identify {unknown}
 i - a scroll of holy word {unknown}
Potions
 g - 2 potions of curing {unknown}
 h - a potion of heal wounds {unknown}


   Skills:
 - Level 3.2 Fighting
 * Level 4.9 Axes
 - Level 2.1 Armour
 - Level 1.5 Dodging


You had 3 spell levels left.
You didn't know any spells.
Your spell library was empty.

Dungeon Overview and Level Annotations

Branches:
Dungeon (3/15)

Altars:


Innate Abilities, Weirdness & Mutations

You are immune to sickness and miasma.
Your stone body is resilient. (AC +3)
You are immune to poison.
You resist negative energy. (rN+)
You are resistant to electric shocks. (rElec)
You are resistant to unholy torment.
You are immune to petrification.


Message History

The orc priest hits you but does no damage.
You hit the orc priest.
You kill the orc priest!
Trog accepts your kill.
The gnoll hits you from afar with a +2 spear of flaming.
The gnoll burns you.
You have reached level 4!
You feel stronger. The gnoll hits you but does no damage.
A rat comes into view.
A gnoll comes into view. It is wielding a +0 flail.
Items here: ))) [[[ ††.
You slash the gnoll!
The gnoll is heavily wounded.
The gnoll hits you but does no damage.
You closely miss the gnoll.
The gnoll hits you from afar with a +2 spear of flaming.
The gnoll burns you.
You slash the gnoll!
The gnoll is severely wounded.
The gnoll hits you with a +0 club.
* * * LOW HITPOINT WARNING * * *
The gnoll completely misses you.
A red film seems to cover your vision as you go berserk!
You feel yourself moving faster!
You feel mighty! The gnoll closely misses you.
You slash the gnoll!
You kill the gnoll!
Trog accepts your kill.
You slash the gnoll!
The gnoll is severely wounded.
The gnoll closely misses you.
You slash the gnoll!
You kill the gnoll!
Trog accepts your kill.
The gnoll hits you from afar with a +2 spear of flaming.
* * * LOW HITPOINT WARNING * * *
The gnoll burns you.
* * * LOW HITPOINT WARNING * * *
The gnoll hits you with a +2 spear of flaming!
You die...

#.....##
#.#
#####.#
.... #.#
###.# #.#
# #.
####.####
.. .
#.......#
#..
#.##.##.#
.. #
#.##.###.#
#.....@gr#
####.###.#
#.# .. #.#
#.. .?# .#
### #


You could see a gnoll and a rat.

Vanquished Creatures
  An orc priest (D:3)
  2 gnolls (D:3)
  2 adders
  3 dart slugs (D:1)
  4 orcs (D:3)
  A ball python (D:2)
  3 endoplasms
  2 giant cockroaches (D:1)
  A goblin (D:2)
  2 hobgoblins (D:2)
  3 quokkas
  2 frilled lizards (D:1)
  2 rats (D:1)
28 creatures vanquished.

Notes
Turn   | Place    | Note
-------+----------+-------------------------------------------
     0 | D:1      | Laukis the Gargoyle Berserker began the quest for the Orb.
     0 | D:1      | Reached XP level 1. HP: 14/14 MP: 1/1
   321 | D:1      | Reached skill level 3 in Axes
   393 | D:1      | Reached XP level 2. HP: 17/19 MP: 2/2
   715 | D:1      | Found a faded altar of an unknown god.
  1695 | D:2      | Reached XP level 3. HP: 22/23 MP: 3/3
  1909 | D:3      | Reached skill level 4 in Axes
  2137 | D:3      | Reached XP level 4. HP: 16/28 MP: 4/4
  2146 | D:3      | Slain by a gnoll

Illustrated notes

Levels and vault maps discovered:
D:1:      amcnicky_arrival_double_pillar, layout_loops_ring,
          hellmonk_ecumenical_altar_run_dry, minivault_27, minivault_14
D:2:      layout_loops_cross
D:3:      layout_loops_corners, uniq_terence

Skill      XL: |  1  2  3 |
---------------+----------+-----
Axes           | 3 4 |  4.9
Fighting       | |  3.2
Armour         | |  2.1
Dodging        | |  1.5

Action                   |  1- 3 |  4- 6 || total
-------------------------+-------+-------++-------
Melee: Hand axe          |    95 |     6 ||   101
Invok: Berserk           |       |     1 ||     1
Armor: Animal skin       |    11 |       ||    11
       Chain mail        |    26 |     2 ||    28
       Ring mail         |     4 |       ||     4
Dodge: Dodged            |    41 |     3 ||    44
